Map: Ascension to Aiur LE

Players

Dayshi - Winner!

  • Race: Terran Terran
  • Spawn Location: 5:00

Elroye

  • Race: Zerg Zerg
  • Spawn Location: 11:00

Event: WCS Valencia 2017

VOD

Have the link to the VOD?

Description

Time

  • Played on: July 13, 2017, 9:34 a.m.
  • Length: 7:31

All games in this series

Show
View Real Time Build Order
Export as new Build Order

Dayshi Terran - Winner!

Build Orders:  

Get SALT Encoding   

  12  0:00  SCV  
  13  0:12  SCV  
  14  0:20  Supply Depot  
  14  0:24  SCV  
  15  0:29  Refinery  
  15  0:42  SCV  
  16  0:44  Barracks  
  16  0:54  SCV  
  17  1:02  Barracks  
  17  1:06  SCV  
  18  1:18  SCV  
  19  1:31  Orbital Command  
  19  1:32  Reaper  
  20  1:39  Barracks  
  20  1:46  Supply Depot  
  20  1:50  Reaper  
  21  1:56  Refinery  
  21  2:00  SCV  
  22  2:05  Reaper  
  23  2:12  SCV  
  24  2:22  Supply Depot  
  24  2:23  Reaper  
  24  2:25  SCV  
  24  2:26  Reaper  
  28  2:37  SCV  
  28  2:42  Reaper  
  29  2:49  SCV  
  30  2:55  Reaper  
  30  2:58  Reaper  
  32  3:02  Command Center  
  32  3:05  SCV  
  32  3:12  Supply Depot  
  33  3:18  SCV  
  34  3:25  Reaper  
  35  3:27  Reaper  
  35  3:32  Barracks Tech Lab  
  36  3:36  SCV  
  37  3:46  Command Center  
  37  3:48  SCV  
  38  3:57  Stimpack, Marine  
  38  4:00  Barracks Reactor x2  
  38  4:02  SCV  
  40  4:13  Orbital Command  
  40  4:16  Factory  
  40  4:19  SCV  
  40  4:22  Marine  
  42  4:31  SCV  
  43  4:37  Engineering Bay  
  43  4:38  Marine x2  
  44  4:40  SCV, Engineering Bay  
  44  4:43  Marine  
  47  4:46  Marine x2  
  49  4:56  Marine x2  
  49  4:58  SCV x2  
  52  5:01  Orbital Command  
  52  5:05  Starport  
  52  5:09  Factory Reactor  
  52  5:11  SCV x2  
  54  5:18  Terran Infantry Armor Level 1, Terran Infantry Weapons Level 1  
  54  5:21  Marine x3  
  56  5:23  SCV  
  56  5:25  SCV  
  56  5:26  Marine  
  56  5:27  Marine  
  61  5:35  SCV  
  62  5:36  Refinery x2  
  62  5:37  SCV  
  62  5:41  Orbital Command  
  63  5:44  Marine x2  
  63  5:47  SCV, Supply Depot  
  63  5:49  SCV  
  67  5:54  Marine x2  
  69  5:59  SCV  
  69  6:01  SCV  
  69  6:02  Marine x2  
  69  6:03  Marine  
  74  6:06  Medivac  
  74  6:07  Factory Tech Lab  
  74  6:09  Medivac  
  74  6:10  Supply Depot  
  78  6:13  SCV x2  
  78  6:14  Supply Depot  
  80  6:22  Marine x4  
  80  6:24  SCV  
  85  6:30  SCV  
  85  6:32  Marine  
  85  6:37  SCV  
  85  6:38  SCV, Supply Depot  
  85  6:39  Armory  
  88  6:40  Marine x3, Bunker  
  88  6:44  Marine  
  88  6:47  SCV  
  93  6:50  SCV, Marine, Supply Depot  
  95  6:54  Medivac x2  
  95  7:00  SCV x2  
  104  7:06  Marine x2  
  105  7:22  Barracks x2  
Show
View Real Time Build Order
Export as new Build Order

Elroye Zerg 

Build Orders: Hatch First 

Get SALT Encoding   

  12  0:00  Drone  
  13  0:13  Overlord  
  13  0:16  Drone  
  14  0:32  Drone  
  14  0:33  Drone  
  16  0:36  Drone  
  17  0:51  Hatchery  
  17  0:54  Drone  
  17  0:58  Drone  
  18  1:05  Extractor  
  17  1:13  Spawning Pool  
  17  1:15  Drone  
  17  1:19  Drone  
  18  1:30  Drone  
  19  1:39  Overlord  
  19  2:00  Queen, Zergling x2  
  22  2:01  Zergling x2  
  22  2:03  Queen, Drone  
  22  2:07  Metabolic Boost  
  26  2:12  Drone  
  26  2:15  Drone  
  28  2:23  Drone  
  28  2:26  Drone  
  30  2:38  Queen  
  30  2:40  Overlord  
  30  2:41  Queen  
  30  2:43  Zergling x2  
  35  2:45  Zergling x2  
  37  2:58  Drone x2  
  37  2:59  Drone  
  39  3:07  Zergling x2  
  39  3:09  Drone  
  39  3:10  Overlord  
  39  3:28  Zergling x2  
  39  3:29  Zergling x10  
  39  3:30  Queen  
  39  3:34  Queen  
  47  3:38  Overlord  
  49  3:43  Zergling x2  
  50  3:51  Zergling x2  
  50  4:14  Drone  
  50  4:15  Drone x2  
  50  4:16  Overlord  
  53  4:17  Queen  
  53  4:20  Overlord  
  53  4:21  Zergling x2, Drone x2  
  53  4:22  Zergling x2  
  59  4:26  Hatchery  
  58  4:31  Zergling x2  
  58  4:32  Overlord  
  59  4:57  Drone x8  
  67  5:03  Drone x2  
  69  5:12  Drone  
  69  5:20  Extractor  
  67  5:22  Drone x2  
  67  5:24  Evolution Chamber  
  67  5:26  Evolution Chamber  
  67  5:28  Extractor  
  66  5:32  Zergling x2  
  66  5:33  Zergling x2  
  66  5:34  Zergling x2  
  68  5:38  Queen  
  68  5:46  Drone x3  
  71  5:51  Drone  
  72  5:59  Drone x4  
  72  6:00  Drone x2  
  72  6:03  Drone x2  
  80  6:09  Drone  
  80  6:10  Lair  
  81  6:14  Baneling Nest, Extractor  
  81  6:16  Extractor, Drone  
  81  6:18  Hatchery  
  77  6:21  Zergling x4  
  77  6:22  Zergling x2  
  77  6:24  Drone  
  75  6:34  Zergling x2  
  75  6:36  Zergling x4  
  75  6:38  Drone x4  
  82  6:40  Zergling x2  
  82  6:41  Zergling x4  
  82  6:46  Drone  
  86  6:48  Zergling x6  
  89  6:55  Zergling x2  
  90  7:07  Overlord x2  
Tags
 
Add a new tag
Caveats
  • Supply blocks, unpowered buildings, or Contaminate may cause inaccurate times.
  • Supply counts are checked every 10 seconds.